 Dungeon Crawl Stone Soup version 0.21.1-1-g345015fe64 (webtiles) character file.

224 Gargoyl the Skirmisher (level 5, -1/46 HPs)
             Began as a Centaur Abyssal Knight on May 10, 2018.
             Was a Believer of Lugonu.
             Slain by Grinder (3 damage)
             ... while paralysed by Grinder
             ... on level 2 of the Dungeon on May 11, 2018.
             The game lasted 00:08:05 (3300 turns).

Gargoyl the Skirmisher (Centaur Abyssal Knight)     Turns: 3300, Time: 00:08:06

Health: -1/46      AC: 11    Str: 14    XL:     5   Next: 67%
Magic:  16/16      EV:  1    Int: 11    God:    Lugonu [**....]
Gold:   115        SH:  0    Dex: 10    Spells: 4/4 levels left

rFire    . . .     SeeInvis .   a - +1 hand axe
rCold    . . .     Gourm    .   (no shield)
rNeg     . . .     Faith    .   e - +2 scale mail {rPois}
rPois    +         Spirit   .   (no helmet)
rElec    .         Reflect  .   i - +2 cloak
rCorr    .         Harm     .   (no gloves)
MR       .....                  (no barding)
Stlth    ..........             (no amulet)
HPRegen  0.15/turn              f - ring of magical power
MPRegen  0.15/turn              (no ring)

@: paralysed, very quick
A: large, hooves 3, deformed body, speed 2, tough skin 3
a: Depart the Abyss, Bend Space, Renounce Religion


You were on level 2 of the Dungeon.
You worshipped Lugonu.
Lugonu was pleased with you.
You were hungry.

You visited 1 branch of the dungeon, and saw 3 of its levels.
You visited the Abyss 1 time.

You collected 115 gold pieces.

Inventory:

Hand Weapons
 a - a +1 hand axe (weapon)
Missiles
 l - 8 javelins of returning
 m - 6 tomahawks (quivered)
Armour
 e - a +2 scale mail of poison resistance (worn)
 i - a +2 cloak (worn)
Jewellery
 f - a ring of magical power (left hand)
Scrolls
 b - 2 scrolls of teleportation
 d - a scroll of identify
 h - a scroll of blinking
Potions
 g - a potion of curing
 k - a potion of heal wounds
Comestibles
 c - 5 rations


   Skills:
 + Level 3.8 Fighting
 + Level 3.0 Axes
 * Level 2.8 Armour
 + Level 1.0 Dodging
 * Level 3.4 Invocations


You had 4 spell levels left.
You didn't know any spells.

Dungeon Overview and Level Annotations

Branches:
Dungeon (3/15)

Altars:
Nemelex Xobeh
Vehumet

Annotations:
D:2 Grinder
D:3 Robin


Innate Abilities, Weirdness & Mutations

You have hooves in place of feet.
Armour fits poorly on your strangely shaped body.
You cover ground very quickly.
You have extremely tough skin. (AC +3)


Message History

You kill the hobgoblin!
Lugonu accepts your kill.
Your Dodging skill increases to level 1!
Unknown command.
Things that are here:
a club; a goblin corpse; a hobgoblin corpse You hit Grinder but do no damage.
Grinder is heavily wounded.
Grinder gestures at you.
You suddenly lose the ability to move!
Grinder hits you.
You writhe in agony.
* * * LOW HITPOINT WARNING * * *
Grinder gestures at you.
You shrug off the repeated paralysis!
Grinder hits you.
* * * LOW HITPOINT WARNING * * *
You writhe in agony.
* * * LOW HITPOINT WARNING * * *
Grinder hits you.
You die...

#######.####### #.#.###.###.#.###
..........[...# #....#...#...## #
.#.####.#####.# #......_.....#
...# #.#####.###.#..#...#...####
.### #...........#.###.###....#.
## #.#####.#####..#...#..##... #
#.#####.#####.........###.. #
#.......)>†.####.#.#.####..
#############.##@..###.#.........
...............5.........######..
.############.##...###.#.# #.. .#
#.###......#.# ### .# #.#
########.# # .# #.# ###
#.######## )# #.###.## #.>.......
.# #.##...## ########## .#
#?......# #......


You could see Grinder.

Vanquished Creatures
  The ghost of Kejsarherre the Skirmisher, an amateur DsGl of Okawaru (D:3)
  An orc priest (D:3)
  An adder (D:3)
  4 oozes
  An adder skeleton (D:3)
  A worm (D:2)
  2 dart slugs
  4 leopard geckos
  5 orcs (D:3)
  A ball python (D:2)
  3 giant cockroaches
  9 goblins
  11 hobgoblins
  2 jackals (D:3)
  5 kobolds
  A quokka (D:2)
  6 bats
  2 frilled lizards
  6 rats
66 creatures vanquished.

Notes
Turn   | Place    | Note
-------+----------+-------------------------------------------
     0 | Abyss:1  | Gargoyl the Centaur Abyssal Knight began the quest for the Orb.
     0 | Abyss:1  | Reached XP level 1. HP: 19/19 MP: 2/2
    95 | Abyss:1  | Noticed a ynoxinul
   114 | Abyss:1  | Noticed a large abomination
   115 | Abyss:1  | Noticed an ice devil
   115 | Abyss:1  | Noticed a raiju
   207 | Abyss:2  | Noticed a large abomination
   245 | Abyss:2  | Noticed a brown very ugly thing
   255 | Abyss:2  | Noticed a kobold demonologist
   257 | D:1      | Escaped the Abyss
   376 | D:1      | Reached * piety under Lugonu
   376 | D:1      | Reached XP level 2. HP: 7/26 MP: 3/3
   950 | D:1      | Reached XP level 3. HP: 31/31 MP: 5/5
  1196 | D:2      | Found a radiant altar of Vehumet.
  2252 | D:3      | Reached XP level 4. HP: 32/39 MP: 6/6
  2253 | D:3      | Reached ** piety under Lugonu
  2265 | D:3      | Noticed Kejsarherre's ghost (amateur DsGl)
  2346 | D:3      | Killed Kejsarherre's ghost
  2346 | D:3      | Reached XP level 5. HP: 19/46 MP: 7/7
  2860 | D:3      | Noticed Grinder
  2865 | D:3      | Noticed Robin
  3084 | D:3      | Found a sparkling altar of Nemelex Xobeh.
  3294 | D:2      | Reached skill level 1 in Dodging
  3296 | D:2      | Paralysed by Grinder for 7 turns
  3299 | D:2      | HP: 2/46 [Grinder (4)]
  3300 | D:2      | Slain by Grinder

Skill      XL: |  1  2  3  4  5 |
---------------+----------------+-----
Axes           | 2 3 |  3.0
Armour         | 2 |  2.8
Invocations    | 3 |  3.4
Dodging        | 1 |  1.0
Fighting       | |  3.8

Action                   |  1- 3 |  4- 6 || total
-------------------------+-------+-------++-------
Melee: Hand axe          |   104 |    70 ||   174
       Kick              |    14 |    14 ||    28
Invok: Depart the Abyss  |     1 |       ||     1
  Use: Scroll            |     7 |     2 ||     9
       Potion            |     2 |     3 ||     5
  Eat: Chunk             |     2 |       ||     2
       Ration            |     1 |       ||     1
Armor: Scale mail        |    65 |    75 ||   140
Dodge: Dodged            |    56 |    46 ||   102
